 Dungeon Crawl Stone Soup version 0.29-a0-380-gf50f0a9fbc (webtiles) character file.

Game seed: 3087080179298316878

77 zazu2006 the Magician (level 4, -1/36 HPs)
             Began as a Naga Hedge Wizard on May 5, 2022.
             Slain by a goblin
             ... wielding a +0 dagger
             ... led by Robin
              (3 damage)
             ... on level 3 of the Dungeon.
             The game lasted 00:03:46 (2449 turns).

zazu2006 the Magician (Naga Hedge Wizard)           Turns: 2449, Time: 00:03:47

Health: -1/36      AC:  2    Str: 13    XL:     4   Next: 33%
Magic:  5/10       EV: 10    Int: 16    God:
Gold:   154        SH:  0    Dex: 10    Spells: 2/11 levels left

rFire   . . .      SeeInvis +   a - +0 dagger
rCold   . . .      Faith    .   (no shield)
rNeg    . . .      Spirit   .   b - +0 robe
rPois   +          Reflect  .   c - +0 hat
rElec   .          Harm     .   (no cloak)
rCorr   .          Rampage  .   (no gloves)
Will    .....                   (no barding)
Stlth   ++........              (no amulet)
HPRegen 0.12/turn               (no ring)
MPRegen 0.12/turn               (no ring)

@: brilliant, very slightly contaminated, very slow
A: AC +1, large, see invisible, deformed body, poison resistance, slowness 2,
spit poison 1, naga tail 1
a: Spit Poison


You were on level 3 of the Dungeon.
You visited 1 branch of the dungeon, and saw 3 of its levels.

You collected 154 gold pieces.

Inventory:

Hand Weapons
 a - a +0 dagger (weapon)
Armour
 b - a +0 robe (worn)
 c - a +0 hat (worn)
Scrolls
 f - a scroll of immolation {unknown}
 g - a scroll of noise {unknown}
 h - a scroll of poison {unknown}
 j - a scroll of teleportation {unknown}
 k - a scroll of identify {unknown}
 l - a scroll of enchant armour {unknown}
Potions
 i - a potion of mutation {unknown}
 m - a potion of haste {unknown}


   Skills:
 + Level 1.8 Dodging
 + Level 3.5 Stealth
 + Level 4.1 Spellcasting
 + Level 2.0 Conjurations
 + Level 1.0 Summonings
 + Level 1.0 Translocations


You had 2 spell levels left.
You knew the following spells:

 Your Spells              Type           Power      Damage    Failure   Level
a - Magic Dart            Conj           56%        1d5       8%          1
b - Mephitic Cloud        Conj/Pois/Air  8%         N/A       36%         3
c - Conjure Flame         Conj/Fire      9%         6-21      32%         3
d - Blink                 Tloc           18%        N/A       17%         2

Your spell library contained the following spells:

 Spells                   Type           Power      Damage    Failure   Level
 Apportation              Tloc           18%        N/A       11%         1
 Summon Small Mammal      Summ           36%        N/A       11%         1
 Animate Skeleton         Necr           8%         N/A       17%         1
 Slow                     Hex            16%        N/A       17%         1
 Call Imp                 Summ           9%         N/A       17%         2
 Tukima's Dance           Hex            4%         N/A       45%         3
 Passage of Golubria      Tloc           9%         N/A       73%         4
 Manifold Assault         Tloc           9%         N/A       97%         5
 Yara's Violent Unravell  Hex/Tmut       2%         3d3       99%         5
 Storm Form               Tmut/Air       2%         N/A       100%        7


Dungeon Overview and Level Annotations

Branches:
Dungeon (2/15)

Altars:


Innate Abilities, Weirdness & Mutations

Your serpentine skin is tough. (AC +1)
You have supernaturally acute eyesight. (SInv)
Armour fits poorly on your strangely shaped body.
Your system is resistant to poisons. (rPois)
You cover ground very slowly.
You can spit poison.
You have a snake-like lower body.


Message History

The hobgoblin is engulfed in noxious fumes.
The hobgoblin appears confused.
Unknown command.
Casting: Magic Dart (safe; 8% risk of failure)
Confirm with . or Enter, or press ? or * to list all spells.
Aiming: Magic Dart (safe; 8% risk of failure)
Press: ? - help, Shift-Dir - straight line, f/p - goblin
Aim: a goblin, wielding a +0 club (almost dead, 100% to hit)
The magic dart hits the goblin.
You kill the goblin!
The goblin hits you but does no damage.
The hobgoblin is engulfed in noxious fumes.
The hobgoblin appears confused.
You can't do that yet.
Unknown command.
Unknown command.
You can't do that yet.
Casting: Magic Dart (safe; 8% risk of failure)
Confirm with . or Enter, or press ? or * to list all spells.
Okay, then.
You have got your breath back.
The goblin hits you with a +0 dagger.
* * * LOW HITPOINT WARNING * * *
Things that are here:
a +0 club; a goblin corpse The hobgoblin no longer looks unusually strong.
Casting: Magic Dart (safe; 8% risk of failure)
Confirm with . or Enter, or press ? or * to list all spells.
The spell is quite dangerous to miscast (36% risk of failure)!
Continue anyway?
Okay, then.
The hobgoblin attacks as you move away! The hobgoblin hits you.
* * * LOW HITPOINT WARNING * * *
The goblin attacks as you move away! The goblin hits you with a +0 dagger.
* * * LOW HITPOINT WARNING * * *
The hobgoblin hits you.
* * * LOW HITPOINT WARNING * * *
It was a potion of brilliance.
You feel clever all of a sudden. The goblin hits you with a +0 dagger.
You die...

....#.............##.......#
.....#......................#
.............................#
...............).g...........#
..............)).........>...#
......................###....###
...............)...............#
..............gg...............#
...............@g..............#
........#######................#
.........# #.................#
###......#####........)........#
................................
...##...รท.........###...........
.. #.............# #####....... .
#.............# #.......
#..........#### #.......


You could see 2 hobgoblins and 2 goblins.

Vanquished Creatures
  Robin (D:3)
  An adder (D:3)
  2 dart slugs
  An orc (D:3)
  5 ball pythons
  4 bats
  An endoplasm (D:1)
  3 giant cockroaches
  10 goblins
  4 hobgoblins
  7 jackals
  A quokka (D:1)
  A frilled lizard (D:3)
  A kobold (D:1)
  3 rats (D:3)
45 creatures vanquished.

Vanquished Creatures (others)
  8 plants
8 creatures vanquished.

Grand Total: 53 creatures vanquished

Notes
Turn   | Place    | Note
-------+----------+-------------------------------------------
     0 | D:1      | zazu2006 the Naga Hedge Wizard began the quest for the Orb.
     0 | D:1      | Reached XP level 1. HP: 15/15 MP: 4/4
   143 | D:1      | Reached XP level 2. HP: 19/22 MP: 4/6
   583 | D:1      | Found a faded altar of an unknown god.
  1008 | D:1      | Reached XP level 3. HP: 24/28 MP: 2/8
  1013 | D:1      | Learned a level 3 spell: Mephitic Cloud
  1017 | D:1      | Learned a level 3 spell: Conjure Flame
  1020 | D:1      | Learned a level 2 spell: Blink
  1643 | D:2      | Reached skill level 4 in Spellcasting
  1815 | D:2      | You fall into a shaft and drop 1 floor!
  2216 | D:3      | Reached XP level 4. HP: 17/36 MP: 6/10
  2423 | D:3      | Noticed Robin
  2440 | D:3      | Killed Robin
  2448 | D:3      | HP: 1/36 [hobgoblin[Robin] (2)]
  2449 | D:3      | Slain by a goblin

Illustrated notes

Levels and vault maps discovered:
D:1:      evilmike_arrival_crescent, layout_basic,
          shapermc_ecumenical_altar_flowoftime,
          amcnicky_mini_rare_corridor_liquid
D:2:      layout_loops_ring, serial_shops, shop, kennysheep_generic_room_3
D:3:      layout_basic, serial_park_tiny_1, hangedman_abyss_or_decor_stabs,
          serial_bayou_lake_a, uniq_robin

Skill      XL: |  1  2  3  4 |
---------------+-------------+-----
Spellcasting   | 4 |  4.1
Conjurations   | 2 |  2.0
Dodging        | |  1.8
Stealth        | |  3.5
Summonings     | |  1.0
Translocations | |  1.0

Action                   |  1- 3 |  4- 6 || total
-------------------------+-------+-------++-------
Melee: Dagger            |     7 |       ||     7
 Cast: Magic Dart        |    87 |    15 ||   102
       Mephitic Cloud    |       |     1 ||     1
 Abil: Spit Poison       |    16 |     4 ||    20
  Use: Potion            |       |     2 ||     2
Armor: Robe              |     7 |     4 ||    11
Dodge: Dodged            |    23 |     5 ||    28

Table legend: (Time is in decaauts)
 A = Elapsed time spent in this place.
 B = Non-inter-level travel time spent in this place.
 C = Inter-level travel time spent in this place.
 D = Time resting spent in this place.
 E = Time spent auto-exploring this place.
 F = Levels seen in this place.
 G = Mean time per level.
                   A        B        C        D        E       F      G
               +--------+--------+--------+--------+--------+-----+--------+
         Total |   2864 |   2810 |     54 |     76 |   2434 |   3 |  954.7 |
       Dungeon |   2864 |   2810 |     54 |     76 |   2434 |   3 |  954.7 |
               +--------+--------+--------+--------+--------+-----+--------+

Top non-repeatable levels by time:
     D:1: 1699 daAuts
     D:3: 678 daAuts
     D:2: 487 daAuts
